 Dungeon Crawl Stone Soup version 0.14.2 (webtiles) character file.

973 SterlingArcher the Magician (level 7, 0/38 HPs)
             Began as a Deep Elf Ice Elementalist on Oct 23, 2016.
             Was a Follower of Sif Muna.
             Succumbed to a spiny frog's poison
             ... on Level 1 of the Lair of Beasts.
             The game lasted 00:33:15 (2664 turns).

SterlingArcher the Magician (DEIE)                  Turns: 2664, Time: 00:33:15

HP   0/38        AC  2     Str  5      XL: 7   Next: 71%
MP   7/23        EV 13     Int 20      God: Sif Muna [*.....]
Gold 115         SH  0     Dex 15      Spells:  5 memorised,  5 levels left

rFire  + + .     SeeInvis .     z - +1,+6 spear (flame)
rCold  + + .     Clarity  .     y - +0 robe {rC+ rF+}
rNeg   . . .     Conserve .     (no shield)
rPois  .         rCorr    .     (no helmet)
rElec  .         rRot     .     (no cloak)
SustAb . .       Spirit   .     (no gloves)
rMut   .         Warding  .     (no boots)
Saprov . . .     Stasis   .     (no amulet)
MR     .....                    h - ring of flight
                                j - ring of ice

@: lethally poisoned, very slightly contaminated, not resistant to hostile
enchantments, fairly stealthy
A: fire resistance 2, weak 1
a: Channel Energy, Renounce Religion, Evoke Flight


You were on level 1 of the Lair of Beasts.
You worshipped Sif Muna.
Sif Muna was aware of your devotion.
You were not hungry.

You visited 3 branches of the dungeon, and saw 10 of its levels.

You collected 115 gold pieces.

Inventory:

Hand weapons
 k - a +2,+1 spear
 m - a +1,+2 anti-magic whip
 n - a +0,+0 club
 w - a +0 blowgun
 z - a +1,+6 spear of flaming (weapon)
 A - a +1,+2 whip of flaming
Missiles
 o - 3 poisoned darts
 t - 8 stones
 v - a throwing net (quivered)
 D - 18 sling bullets of frost
Armour
 a - a +0 robe
 p - a +0 leather armour
 s - a +0 robe
 y - a +0 robe of resistance (worn)
Magical devices
 q - a wand of random effects (0)
Comestibles
 c - 4 bread rations
 d - a chunk of worm flesh
 f - 4 chunks of gnoll flesh
 g - a pear
 r - a chunk of adder flesh
Scrolls
 e - a scroll of teleportation
 i - 3 scrolls of identify
 x - 2 scrolls of remove curse
 B - a scroll of enchant armour {unknown}
Jewellery
 h - a ring of flight (right hand)
 j - a ring of ice (left hand)
 l - an uncursed ring of sustain abilities
Potions
 C - a potion of restore abilities
Books
 b - a book of Frost

   Spells                             Type                      Level
   *Freeze                            Ice                          1
   *Throw Frost                       Conjuration/Ice              2
   *Ozocubu's Armour                  Charms/Ice                   3
   Throw Icicle                       Conjuration/Ice              4
   *Summon Ice Beast                  Ice/Summoning                4
   Condensation Shield                Ice                          4
 u - a book of Minor Magic

   Spells                             Type                      Level
   Magic Dart                         Conjuration                  1
   *Blink                             Translocation                2
   Call Imp                           Summoning                    2
   Repel Missiles                     Charms/Air                   2
   Slow                               Hexes                        2
   Conjure Flame                      Conjuration/Fire             3
   Mephitic Cloud                     Conjuration/Poison/Air       3


   Skills:
 + Level 1.0 Fighting
 + Level 0.2 Throwing
 - Level 3.2 Dodging
 - Level 2.4 Stealth
 - Level 5.8 Spellcasting
 - Level 2.5 Conjurations
 - Level 1.3 Charms
 + Level 5.5 Summonings
 + Level 1.2 Translocations
 - Level 4.8 Ice Magic
 + Level 1.9 Invocations
 + Level 1.9 Evocations


You had 5 spell levels left.
You knew the following spells:

 Your Spells              Type           Power        Failure   Level  Hunger
a - Freeze                Ice            ####         1%          1    None
b - Throw Frost           Conj/Ice       ####..       3%          2    None
l - Blink                 Tloc           N/A          12%         2    None
q - Ozocubu's Armour      Chrm/Ice       ####......   10%         3    ##.....
s - Summon Ice Beast      Ice/Summ       #####...     14%         4    ####...


Dungeon Overview and Level Annotations

Branches:
Dungeon (8/15)             Temple (1/1) D:4            Lair (1/8) D:8

Altars:
Ashenzari
Cheibriados
Dithmenos
Elyvilon
Fedhas
Kikubaaqudgha
Makhleb
Nemelex Xobeh
Okawaru
Sif Muna
Trog
Vehumet
Xom
Yredelemnul
Zin
The Shining One

Shops:
D:4 [


Innate Abilities, Weirdness & Mutations

Your flesh is very heat resistant.
You are weak. (Str -2)


Message History

A water moccasin comes into view.
Your ice beast hits the white imp.
Your ice beast freezes the white imp.
The white imp resists.
The white imp hits your ice beast. The white imp freezes your ice beast.
Your ice beast completely resists.
* * * LOW HITPOINT WARNING * * *
You feel sick.
Your ice beast closely misses the white imp.
The white imp hits your ice beast. The white imp freezes your ice beast.
Your ice beast completely resists.
Casting: Summon Ice Beast
Confirm with . or Enter, or press ? or * to list all spells.
You feel a surge of power! A chill wind blows around you.
The white imp hits your ice beast. The white imp freezes your ice beast.
Your ice beast completely resists.
Your ice beast hits the white imp.
Your ice beast freezes the white imp.
The white imp resists.
Drink which item? (? for menu, Esc to quit)
Okay, then.
You die...

#.###......##
#..f#.....##
#....F..##
####IF.P####
#.#F...##
##5#...#
##I######
###.I#
#.@#..S#
#.##.....# ##
#......#
##..P.##
.P... ...#
...


You could see 2 spiny frogs, a white imp and 3 friendly ice beasts.

Vanquished Creatures
  3 orc priests (D:6)
  A hound (D:5)
  A centaur skeleton (D:4)
  An orc wizard (D:6)
  2 worker ants
  An adder (D:4)
  8 gnolls
  A giant mite (D:4)
  A shadow imp (D:5)
  A worm (D:5)
  2 giant geckos
  6 orcs (D:6)
  A ball python (D:2)
  A gnoll zombie (D:5)
  4 goblins
  11 hobgoblins
  A quokka (D:2)
  3 bats
  2 giant newts
  A giant spore (D:6)
  4 jackals (D:5)
  6 kobolds
  5 rats
  3 ballistomycetes (D:6)
70 creatures vanquished.

Vanquished Creatures (collateral kills)
  A necrophage (D:6)
  An orc warrior (D:6)
  A phantom (D:7)
  2 centaurs (D:5)
  A gnoll sergeant (D:7)
  5 wights (D:6)
  A goliath beetle (D:6)
  A centaur zombie (D:5)
  3 gnolls (D:7)
  2 adders
  A worm (D:7)
  A hobgoblin (D:6)
  A spectral orc (D:5)
21 creatures vanquished.

Vanquished Creatures (others)
  10 ice beasts
10 creatures vanquished.

Grand Total: 101 creatures vanquished

Notes
Turn   | Place    | Note
--------------------------------------------------------------
     0 | D:1      | SterlingArcher, the Deep Elf Ice Elementalist, began the quest for the Orb.
     0 | D:1      | Reached XP level 1. HP: 10/10 MP: 5/5
   118 | D:2      | Reached XP level 2. HP: 9/15 MP: 6/8
   122 | D:2      | Learned a level 2 spell: Throw Frost
   261 | D:2      | Reached skill level 4 in Spellcasting
   449 | D:2      | Found a blossoming altar of Fedhas.
   689 | D:3      | Reached XP level 3. HP: 19/19 MP: 10/12
   694 | D:3      | Learned a level 3 spell: Ozocubu's Armour
   745 | D:5      | Entered Level 5 of the Dungeon
   749 | D:5      | Reached skill level 5 in Spellcasting
   766 | D:5      | Reached XP level 4. HP: 24/24 MP: 1/17
   791 | D:5      | Learned a level 4 spell: Summon Ice Beast
   948 | D:4      | Reached skill level 1 in Summonings
   948 | D:4      | Reached XP level 5. HP: 28/28 MP: 10/19
   957 | D:4      | Found a staircase to the Ecumenical Temple.
   966 | Temple   | Entered the Ecumenical Temple
   972 | Temple   | Became a worshipper of Sif Muna the Loreminder
  1032 | D:4      | Found Wamillai's Armour Boutique.
  1176 | D:5      | Noticed a centaur
  1186 | D:5      | Killed a centaur
  1190 | D:5      | Gained mutation: You are weak. (Str -2) [potion of mutation]
  1190 | D:5      | Gained mutation: Your flesh is heat resistant. [potion of mutation]
  1190 | D:5      | Gained mutation: Your flesh is very heat resistant. [potion of mutation]
  1280 | D:5      | Learned a level 2 spell: Blink
  1471 | D:6      | Noticed an orc warrior
  1475 | D:6      | Reached skill level 1 in Fighting
  1475 | D:6      | Reached XP level 6. HP: 26/34 MP: 17/21
  1580 | D:5      | Reached skill level 1 in Translocations
  1636 | D:5      | Noticed a centaur
  1648 | D:5      | Killed a centaur
  1648 | D:5      | Reached skill level 1 in Charms
  1852 | D:6      | Noticed a necrophage
  1865 | D:6      | Killed a necrophage
  1865 | D:6      | Acquired Sif Muna's first power
  1968 | D:6      | Reached skill level 1 in Evocations
  1968 | D:6      | Reached XP level 7. HP: 11/38 MP: 6/23
  2137 | D:5      | Found a basalt altar of Yredelemnul.
  2363 | D:6      | Reached skill level 5 in Summonings
  2485 | D:7      | Reached skill level 1 in Invocations
  2628 | D:8      | Found a staircase to the Lair.
  2635 | Lair:1   | Entered Level 1 of the Lair of Beasts
  2636 | Lair:1   | Noticed a spiny frog
  2651 | Lair:1   | Noticed a spiny frog
  2662 | Lair:1   | HP: 1/38 [poisoned by a spiny frog]
  2664 | Lair:1   | Succumbed to a spiny frog's poison

Action                   |  1- 3 |  4- 6 |  7- 9 || total
-------------------------+-------+-------+-------++-------
Melee: Club              |       |     2 |       ||     2
       Spear             |       |    16 |    32 ||    48
Throw: Stone             |    25 |       |       ||    25
       Throwing net      |       |       |     1 ||     1
 Cast: Freeze            |    26 |    19 |    19 ||    64
       Throw Frost       |    12 |    35 |    12 ||    59
       Summon Ice Beast  |       |    11 |    16 ||    27
       Ozocubu's Armour  |       |     1 |       ||     1
Invok: Channel Energy    |       |       |    24 ||    24
Evoke: Wand              |       |    18 |     1 ||    19
  Use: Potion            |     4 |     4 |       ||     8
       Scroll            |     5 |       |     1 ||     6
 Stab: Paralysed         |       |     4 |       ||     4
